 Dungeon Crawl Stone Soup version 0.31-a0-544-gceb718ecc6 (webtiles) character file.

Game seed: 16872501082940774669

2064 Newt the Fighter (level 9, 0/74 HPs)
             Began as a Demonspawn Fighter on Aug 14, 2023.
             Was a Believer of Okawaru.
             Slain by an orc
             ... wielding a +0 trident
              (6 damage)
             ... in a bailey on Aug 15, 2023.
             The game lasted 00:07:12 (6635 turns).

Newt the Fighter (Demonspawn Fighter)               Turns: 6635, Time: 00:07:13

Health: 0/74       AC: 12    Str: 20    XL:     9   Next: 5%
Magic:  0/9        EV: 14    Int: 11    God:    Okawaru [**....]
Gold:   212        SH:  5    Dex: 12    Spells: 8/8 levels left

rFire   . . .        p - +2 war axe (flame)
rCold   . . .        c - +1 buckler
rNeg    . . .        b - +0 scale mail
rPois   .            (helmet restricted)
rElec   .            (no cloak)
rCorr   .            i - +1 pair of gloves
SInv    .            (no boots)
Will    +....        (no amulet) Stlth
                     s - +5 ring of evasion
HPRegen 0.32/turn    r - ring of willpower
MPRegen 0.22/turn

%: guardian spirit
@: hasted, very quick
A: horns 1, slimy green scales 2, magic shield, magic regeneration
a: Renounce Religion, Heroism


You were in a bailey.
You worshipped Okawaru.
Okawaru was pleased with you.
You visited 1 branch of the dungeon, and saw 7 of its levels.
You also visited: Bailey.

You collected 355 gold pieces.
You spent 143 gold pieces at shops.

Inventory:

Hand Weapons
 a - a +0 rapier
 d - a +1 vampiric whip
 o - a +2 short sword of protection
 p - a +2 war axe of flaming (weapon)
 y - a +2 flail of protection
Missiles
 m - 5 poisoned darts
 q - a boomerang
Armour
 b - a +0 scale mail (worn)
 c - a +1 buckler (worn)
 i - a +1 pair of gloves (worn)
Jewellery
 k - a ring of ice
 n - a ring of magical power
 r - a ring of willpower (right hand)
 s - a +5 ring of evasion (left hand)
Wands
 w - a wand of polymorph (23)
Scrolls
 l - 5 scrolls of teleportation
 t - a scroll of amnesia
 x - 3 scrolls of identify
Potions
 e - a potion of degeneration
 f - 2 potions of mutation
 g - a potion of haste
 h - 3 potions of heal wounds
 j - 2 potions of lignification
 u - a potion of brilliance
 v - a potion of curing


   Skills:
 - Level 8.0 Fighting
 - Level 3.0 Short Blades
 + Level 2.1(3.1) Axes
 - Level 3.5(3.8) Maces & Flails
 - Level 6.0 Throwing
 - Level 4.0 Armour
 - Level 2.6 Shields


You had 8 spell levels left.
You didn't know any spells.
Your spell library was empty.

Dungeon Overview and Level Annotations

Branches:
Dungeon (7/15)             Temple (0/1) D:5          Bailey (1/1)

Altars:
Ashenzari
Hepliaklqana
Kikubaaqudgha
Okawaru
Xom

Shops:
D:5 **

Annotations:
D:6 Jeremiah


Innate Abilities, Weirdness & Mutations

You have a pair of small horns on your head.
You are mostly covered in slimy green scales. (AC +3)
When hurt, damage is shared between your health and your magic reserves.
You regenerate magic rapidly.


Message History

The orc warrior hits you from afar with a +0 spear.
You closely miss the orc warrior. Your headbutt misses the orc warrior.
The orc warrior is heavily wounded.
You barely miss the orc warrior.
The orc warrior hits you but does no damage.
The orc knight roars a battlecry!
The orcs go into a battle-frenzy!
You block the orc's attack. You block the orc warrior's attack.
The orc hits you from afar with a +0 trident!
You hit the orc warrior. You burn the orc warrior.
The orc warrior is severely wounded.
You hit the orc warrior but do no damage.
The orc warrior misses you.
The orc warrior hits you but does no damage.
The orc closely misses you. The orc misses you.
The orc warrior hits you but does no damage.
You barely miss the orc warrior.
The orc warrior is severely wounded.
You barely miss the orc warrior. The orc warrior completely misses you.
The orc warrior barely misses you. The orc misses you.
The orc barely misses you. You block the orc warrior's attack.
Unknown command.
You hit the orc warrior but do no damage.
You headbutt the orc warrior.
The orc warrior is severely wounded.
You barely miss the orc warrior. The orc warrior closely misses you.
The orc hits you but does no damage.
The orc warrior hits you with a +0 spear!
* * * LOW HITPOINT WARNING * * *
You slash the orc warrior! You burn the orc warrior.
You kill the orc warrior!
Okawaru accepts your kill.
You hit the orc warrior but do no damage.
Your base Axes skill increases to level 2!
Unknown command.
The orc warrior hits you with a +0 spear!
* * * LOW HITPOINT WARNING * * *
The orc hits you but does no damage.
The orc hits you from afar with a +0 trident.
You die...

####### #### ♣♣≈≈≈≈≈♣♣♣..##
#♣.≈≈≈≈≈♣♣.o..#
#...≈≈≈≈≈♣o@####
##.♣..≈≈≈≈♣oo#$.#########
###.....≈≈≈≈.oo#...o.o.....
♣♣♣....♣..≈≈≈≈.♣.##o.o....o..
♣.........≈≈≈≈....#oo########
.........######...#.8# .#
..∩.........))....#..#
..................'..#
..................'..#


You could see an orc knight, 2 orc warriors and 3 orcs.

Vanquished Creatures
  Edmund (D:4)
  4 black bears
  2 orc warriors (Bailey)
  3 ice beasts
  A centaur (D:6)
  A phantom (D:3)
  6 scorpions
  An orc priest (D:5)
  3 jellies
  4 hounds
  An iguana (D:7)
  Natasha (twice) (D:3)
  3 orc wizards
  2 gnolls (D:3)
  8 adders
  2 white imps
  A worm (D:2)
  5 dart slugs
  17 orcs
  9 ball pythons
  6 endoplasms
  5 giant cockroaches
  15 goblins
  8 hobgoblins
  4 jackals (D:1)
  6 quokkas
  3 bats
  3 frilled lizards
  10 kobolds
  5 rats
141 creatures vanquished.

Notes
Turn   | Place    | Note
-------+----------+-------------------------------------------
     0 | D:1      | Newt the Demonspawn Fighter began the quest for the Orb.
     0 | D:1      | Reached XP level 1. HP: 18/18 MP: 1/1
    68 | D:1      | Gained mutation: You have a pair of small horns on your
                  | head. [demonic ancestry]
    68 | D:1      | Reached XP level 2. HP: 20/24 MP: 2/2
   218 | D:1      | Reached skill level 4 in Fighting
   326 | D:1      | Reached XP level 3. HP: 30/30 MP: 3/3
  1601 | D:3      | Gained mutation: You are partially covered in slimy green
                  | scales. (AC +2) [demonic ancestry]
  1601 | D:3      | Reached XP level 4. HP: 31/38 MP: 4/4
  1633 | D:3      | Noticed Natasha
  1658 | D:3      | Killed Natasha
  1659 | D:3      | Reached skill level 5 in Fighting
  1668 | D:3      | Noticed Natasha
  1755 | D:3      | Killed Natasha
  2095 | D:3      | Found an iron altar of Okawaru.
  2105 | D:3      | Gained mutation: You regenerate magic rapidly. [demonic
                  | ancestry]
  2105 | D:3      | Reached XP level 5. HP: 42/44 MP: 5/5
  2129 | D:3      | Became a worshipper of Warmaster Okawaru
  2444 | D:3      | Noticed a phantom
  2457 | D:3      | Killed a phantom
  2458 | D:3      | Reached XP level 6. HP: 48/51 MP: 6/6
  2891 | D:4      | Found a hazy altar of Hepliaklqana.
  2894 | D:4      | Found a shimmering altar of Xom.
  2904 | D:4      | Found an ancient bone altar of Kikubaaqudgha.
  2936 | D:4      | Reached skill level 6 in Fighting
  3403 | D:4      | Noticed Edmund
  3434 | D:4      | Reached * piety under Okawaru
  3435 | D:4      | Reached skill level 7 in Fighting
  3435 | D:4      | Gained mutation: You are mostly covered in slimy green
                  | scales. (AC +3) [demonic ancestry]
  3435 | D:4      | Reached XP level 7. HP: 56/60 MP: 7/7
  3458 | D:4      | Killed Edmund
  4158 | D:4      | Reached skill level 8 in Fighting
  4158 | D:4      | Reached skill level 1 in Throwing
  4472 | D:5      | Entered Level 5 of the Dungeon
  4479 | D:5      | Found a broken altar of Ashenzari.
  4644 | D:5      | Reached XP level 8. HP: 68/68 MP: 8/8
  4727 | D:5      | Found a staircase to the Ecumenical Temple.
  4768 | D:5      | Reached ** piety under Okawaru
  4869 | D:5      | Found Tasumpec's Specific Store.
  4875 | D:5      | Found Mial's General Store.
  4890 | D:5      | Bought 2 potions of heal wounds for 110 gold pieces
  4890 | D:5      | Bought a potion of curing for 33 gold pieces
  5348 | D:5      | Reached skill level 5 in Throwing
  5584 | D:5      | Upgraded the game from 0.31-a0-542-gdc2a67831c to
                  | 0.31-a0-544-gceb718ecc6
  5608 | D:6      | Noticed Jeremiah
  5971 | D:6      | Reached skill level 1 in Maces & Flails
  6291 | D:7      | Found a flagged portal.
  6307 | Bailey   | Entered a bailey
  6512 | Bailey   | Reached skill level 1 in Axes
  6512 | Bailey   | Gained mutation: When hurt, damage is shared between your
                  | health and your magic reserves. [demonic ancestry]
  6512 | Bailey   | Reached XP level 9. HP: 51/74 MP: 9/9
  6605 | Bailey   | Noticed an orc knight
  6610 | Bailey   | HP: 1/74 [orc warrior/+0 spear (6)]
  6635 | Bailey   | Slain by an orc

Illustrated notes

Levels and vault maps discovered:
D:1:      minmay_arrival_loop, layout_loops_ring, minmay_misc_feat_doors,
          nrook_campfire, minmay_vboxes
D:2:      layout_basic, chequers_decorated_corner
D:3:      layout_loops_corners, okawaru_altar_gauntlet_db,
          nicolae_twisty_statue_hallways, uniq_natasha
D:4:      minmay_opposing_rooms, layout_layer_cave,
          grunt_temple_overflow_cloverleaf, minmay_three_crescents, uniq_edmund
D:5:      layout_rooms, mainiacjoe_overflow_catwalk,
          minmay_temple_entry_proselytizer, serial_co_window_serial,
          co_window_paths_b, co_window_paths_a, co_window_paths_b,
          co_window_paths_b, co_window_paths_b, co_window_broadway_b,
          co_window_broadway_b, co_window_corner_b, co_window_paths_c,
          co_window_2corner, co_window_unsneaky_path_d, co_window_broadway_a,
          glass_columns_c, glass_columns_a, glass_columns_a,
          nicolae_specific_store, st_stairs_4
D:6:      layout_rooms, pf_just_have_faith, hangedman_ru_absence,
          nicolae_shop_sticking_my_neck_out, uniq_jeremiah
D:7:      layout_cave_pods, mainiacjoe_overflow_alcove_4,
          nemelex_xobeh_ov_fountains_minmay, enter_bailey_3
Bailey:   bailey_polearm_elven_captive_hellmonk, bailey

Skill      XL: |  1  2  3  4  5  6  7  8  9 |
---------------+----------------------------+-----
Fighting       | 4 5 7 8 |  8.0
Armour         | 3 4 |  4.0
Short Blades   | 3 |  3.0
Throwing       | 3 6 |  6.0
Maces & Flails | 3 |  3.5
Axes           | 1 2 |  2.1
Shields        | |  2.6

Action                     |  1- 3 |  4- 6 |  7- 9 || total
---------------------------+-------+-------+-------++-------
  Melee: Rapier            |   108 |    36 |       ||   144
         Headbutt          |    16 |    42 |    66 ||   124
         Short sword       |       |   158 |   299 ||   457
         War axe           |       |       |    49 ||    49
    Use: Scroll            |     7 |     4 |     8 ||    19
         Potion            |       |       |     4 ||     4
 Armour: Scale mail        |    31 |   109 |   140 ||   280
  Dodge: Dodged            |    37 |    95 |   241 ||   373
  Block: Buckler           |    18 |    43 |    84 ||   145

Table legend: (Time is in decaauts)
 A = Elapsed time spent in this place.
 B = Non-inter-level travel time spent in this place.
 C = Inter-level travel time spent in this place.
 D = Time resting spent in this place.
 E = Time spent auto-exploring this place.
 F = Levels seen in this place.
 G = Mean time per level.
                   A        B        C        D        E       F      G
               +--------+--------+--------+--------+--------+-----+--------+
         Total |   6610 |   6326 |    284 |    966 |   4170 |   8 |  826.2 |
       Dungeon |   6278 |   5994 |    284 |    715 |   4138 |   7 |  896.9 |
        Bailey |    331 |    331 |      0 |    251 |     32 |   1 |  331.0 |
               +--------+--------+--------+--------+--------+-----+--------+

Top non-repeatable levels by time:
     D:4: 1801 daAuts
     D:5: 1426 daAuts
     D:3: 1109 daAuts
     D:1: 885 daAuts
     D:2: 674 daAuts
  Bailey: 331 daAuts
     D:7: 231 daAuts
     D:6: 149 daAuts
